 Dungeon Crawl Stone Soup version 0.28.0-47-ge53b351184 (webtiles) character file.

Game seed: 10821992064790333245

3313 greasedhog the Spear-Bearer (level 10, -1/70 HPs)
             Began as a Formicid Fighter on May 10, 2022.
             Was a Believer of Qazlal.
             Killed from afar by a gargoyle (24 damage)
             ... with a stone arrow
             ... on level 8 of the Dungeon.
             The game lasted 00:15:22 (9595 turns).

greasedhog the Spear-Bearer (Formicid Fighter)      Turns: 9595, Time: 00:15:23

Health: -1/70      AC: 15    Str: 25    XL:     10   Next: 21%
Magic:  10/10      EV: 25    Int:  9    God:    Qazlal [**....]
Gold:   509        SH:  7    Dex: 12    Spells: 9/9 levels left

rFire   . . .      SeeInvis +   k - +3 quarterstaff (chaos)
rCold   . . .      Faith    .   c - +0 buckler
rNeg    . . .      Spirit   .   e - +0 plate armour
rPois   .          Reflect  .   (helmet unavailable)
rElec   .          Harm     .   j - +0 cloak
rCorr   .          Rampage  .   z - +2 pair of gloves {Str+3}
Will    +....                   (no boots)
Stlth   ..........              q - amulet of the acrobat
HPRegen 0.21/turn               i - ring of flight
MPRegen 0.12/turn               w - +4 ring of evasion

@: mighty, acrobatic, flying
A: permanent stasis, dig shafts and tunnels, antennae 3, four strong arms
a: Dig, Shaft Self, Renounce Religion, Upheaval


You were on level 8 of the Dungeon.
You worshipped Qazlal.
Qazlal was pleased with you.
You visited 2 branches of the dungeon, and saw 9 of its levels.
You also visited: Ossuary.

You collected 509 gold pieces.

Inventory:

Hand Weapons
 a - a +1 trident
 b - a +0 halberd
 k - a +3 quarterstaff of chaos (weapon)
Armour
 c - a +0 buckler (worn)
 e - a +0 plate armour (worn)
 j - a +0 cloak (worn)
 z - a +2 pair of gloves of strength (worn)
Jewellery
 i - a ring of flight (left hand)
 q - an amulet of the acrobat (around neck)
 w - a +4 ring of evasion (right hand)
Wands
 f - a wand of polymorph (7)
Scrolls
 n - a scroll of enchant armour
 r - a scroll of silence {unknown}
 t - a scroll of immolation {unknown}
 v - a scroll of amnesia
 x - a scroll of magic mapping
 y - a scroll of enchant weapon
Potions
 d - a potion of might
 g - 2 potions of brilliance
 h - 5 potions of curing
 l - 2 potions of flight {unknown}
 o - a potion of invisibility
 p - a potion of attraction {unknown}
 s - 3 potions of lignification
 u - a potion of berserk rage {unknown}
 A - 2 potions of cancellation {unknown}
 B - a potion of mutation {unknown}
 C - 2 potions of haste {unknown}


   Skills:
 - Level 3.2 Fighting
 * Level 13.8 Polearms
 - Level 3.2 Armour
 - Level 3.6 Shields


You had 9 spell levels left.
You didn't know any spells.
Your spell library contained the following spells:

 Spells                   Type           Power      Damage    Failure   Level
 Animate Skeleton         Necr           0%         N/A       100%        1
 Pain                     Necr           0%         1d4       100%        1
 Sting                    Tmut/Pois      0%         1d3       100%        1
 Poisonous Vapours        Pois/Air       0%         N/A       100%        2
 Sublimation of Blood     Necr           0%         N/A       100%        2
 Frozen Ramparts          Ice            0%         1d2       100%        3
 Summon Guardian Golem    Hex/Summ       0%         N/A       100%        3
 Tukima's Dance           Hex            0%         N/A       100%        3
 Vampiric Draining        Necr           0%         2d6       100%        3
 Airstrike                Air            0%         N/A       100%        4
 Ice Form                 Ice/Tmut       0%         N/A       100%        4
 Olgreb's Toxic Radiance  Pois           0%         N/A       100%        4
 Passage of Golubria      Tloc           0%         N/A       100%        4
 Petrify                  Tmut/Erth      0%         N/A       100%        4
 Summon Ice Beast         Ice/Summ       0%         N/A       100%        4
 Summon Lightning Spire   Summ/Air       0%         N/A       100%        4
 Agony                    Necr           0%         N/A       100%        5
 Excruciating Wounds      Necr           0%         N/A       100%        5
 Irradiate                Conj/Tmut      0%         3d13      100%        5
 Lightning Bolt           Conj/Air       0%         1d11      100%        5
 Silence                  Hex/Air        0%         N/A       100%        5
 Summon Mana Viper        Hex/Summ       0%         N/A       100%        5
 Yara's Violent Unravell  Hex/Tmut       0%         3d3       100%        5
 Monstrous Menagerie      Summ           0%         N/A       100%        7
 Orb of Destruction       Conj           0%         9d5       100%        7
 Spellforged Servitor     Conj/Summ      0%         N/A       100%        7
 Lehudib's Crystal Spear  Conj/Erth      0%         10d2      100%        8


Dungeon Overview and Level Annotations

Branches:
Dungeon (8/15)             Temple (1/1) D:7         Ossuary (visited)
   Lair: D:8-11

Altars:
Ashenzari
Cheibriados
Dithmenos
Elyvilon
Fedhas
Gozag
Hepliaklqana
Kikubaaqudgha
Nemelex Xobeh
Okawaru
Qazlal
Ru
Sif Muna
Trog
Uskayaw
Vehumet
Wu Jian
Xom
Yredelemnul
Zin
The Shining One


Innate Abilities, Weirdness & Mutations

You cannot be hasted, slowed, berserked, paralysed or teleported.
You can dig through walls and to a lower floor.
You have a pair of large antennae on your head. (SInv)
Your four strong arms can wield two-handed weapons with a shield.


Message History

a howler monkey corpse; a howler monkey corpse You reach down and open the door.
A gargoyle and a centaur zombie come into view.
There are monsters nearby!
There is an open door here.
You hit the gargoyle but do no damage.
The gargoyle hurls a stone arrow at you.
The stone arrow hits you.
You feel very mighty all of a sudden. The gargoyle barely misses you.
You barely miss the gargoyle.
The gargoyle hurls a stone arrow at you.
The stone arrow hits you.
You hit the gargoyle.
The gargoyle is lightly damaged.
The gargoyle hurls a stone arrow at you.
The stone arrow hits you.
You hit the gargoyle.
The gargoyle is moderately damaged.
The gargoyle hurls a stone arrow at you.
The stone arrow hits you!
You hit the gargoyle.
The gargoyle seems to speed up.
The gargoyle is moderately damaged.
The gargoyle hits you with a +0 flail!! The gargoyle hits you with a +0 flail.
* * * LOW HITPOINT WARNING * * *
You barely miss the gargoyle.
The gargoyle is moderately damaged.
The gargoyle barely misses you.
There is an open door here.
The gargoyle completely misses you.
Things that are here:
a howler monkey corpse; a howler monkey corpse The gargoyle closely misses you.
The gargoyle hurls a stone arrow at you.
The stone arrow misses you.
The gargoyle hurls a stone arrow at you.
The stone arrow misses you.
The gargoyle hurls a stone arrow at you.
The stone arrow hits you!!
You die...

#....#.#.#
###.########.#
#.†..#.#.#
#.......#....#
#.#.##.#.#
#.#.###.#.######
#.#.##.#.#
#.#.............
#.#.##.#.#
###.########......
#.#....#.#
#.................
#.######.#
#.#.#.######.#...)
#........#
#.#[#.............
##########
#@#.#.######'#.>..
#.#.#.# #........
#9#.#.# #....#.##
#.#.#.# #....#.#
#.#.#.# #....#.# {
#...#'####......#
#########†...##.......
......{Z'....##.....##
#########....##.....#


You could see a gargoyle (fast).

Vanquished Creatures
  Prince Ribbit (D:6)
  Grinder (D:3)
  Eustachio (D:4)
  The ghost of pkoi the Conjurer, an amateur DgCj (D:4)
  A sky beast (D:7)
  2 black bears
  A necrophage (D:4)
  2 ogres
  4 centaurs
  A kobold brigand (D:7)
  3 bullfrogs
  4 scorpions
  A water moccasin skeleton (D:4)
  5 howler monkeys
  3 centaur zombies
  2 hounds
  A jelly (D:7)
  Crazy Yiuf (D:3)
  A bullfrog zombie (D:7)
  3 orc priests
  A gnoll shaman (D:8)
  A centaur skeleton (D:4)
  Jessica (D:3)
  A bullfrog skeleton (D:4)
  Ijyb (D:3)
  3 iguanas
  5 orc wizards
  A scorpion zombie (D:5)
  A hound skeleton (D:4)
  A howler monkey zombie (D:7)
  2 mummies (Ossuary)
  Robin (D:3)
  A howler monkey skeleton (D:5)
  3 gnolls (D:8)
  9 adders
  2 white imps
  2 ufetubi (D:6)
  3 adder zombies (Ossuary)
  2 adder skeletons (D:4)
  4 worms
  4 dart slugs
  16 orcs
  7 ball pythons
  7 bats
  9 endoplasms
  5 giant cockroaches
  27 goblins
  8 hobgoblins
  7 jackals
  10 kobolds
  5 quokkas
  4 frilled lizards
  A goblin zombie (Ossuary)
  9 hobgoblin zombies (Ossuary)
  2 jackal zombies (Ossuary)
  12 kobold zombies (Ossuary)
  7 orc zombies (Ossuary)
  6 rats
  A rat zombie (Ossuary)
231 creatures vanquished.

Notes
Turn   | Place    | Note
-------+----------+-------------------------------------------
     0 | D:1      | greasedhog the Formicid Fighter began the quest for the
                  | Orb.
     0 | D:1      | Reached XP level 1. HP: 18/18 MP: 1/1
   101 | D:1      | Reached XP level 2. HP: 17/24 MP: 2/2
   199 | D:1      | Found a faded altar of an unknown god.
   311 | D:1      | Reached skill level 3 in Polearms
   550 | D:1      | Reached XP level 3. HP: 29/29 MP: 3/3
  1471 | D:2      | Reached skill level 4 in Polearms
  1471 | D:2      | Reached XP level 4. HP: 35/35 MP: 4/4
  1997 | D:3      | Noticed Ijyb
  2238 | D:3      | Killed Ijyb
  2239 | D:3      | Reached XP level 5. HP: 25/41 MP: 5/5
  2523 | D:3      | Reached skill level 5 in Polearms
  2610 | D:3      | Found a runed translucent door.
  2611 | D:3      | Noticed Crazy Yiuf
  2619 | D:3      | Killed Crazy Yiuf
  2797 | D:3      | Noticed Jessica
  2804 | D:3      | Killed Jessica
  2805 | D:3      | Reached XP level 6. HP: 43/47 MP: 6/6
  2897 | D:3      | Noticed Robin
  2924 | D:3      | Reached skill level 6 in Polearms
  2939 | D:3      | Killed Robin
  3233 | D:3      | Noticed Grinder
  3254 | D:3      | Killed Grinder
  3255 | D:3      | Reached skill level 7 in Polearms
  3255 | D:3      | Reached XP level 7. HP: 29/52 MP: 7/7
  3790 | D:4      | Reached skill level 8 in Polearms
  4075 | D:4      | Noticed Eustachio
  4105 | D:4      | Killed Eustachio
  4106 | D:4      | Reached skill level 9 in Polearms
  4106 | D:4      | Reached XP level 8. HP: 36/58 MP: 8/8
  4261 | D:4      | Found a runed translucent door.
  4264 | D:4      | Noticed pkoi's ghost (amateur DgCj)
  4981 | D:4      | Killed pkoi's ghost
  4982 | D:4      | Reached skill level 10 in Polearms
  5208 | D:5      | Entered Level 5 of the Dungeon
  5536 | D:5      | Reached XP level 9. HP: 58/64 MP: 9/9
  5706 | D:5      | Found a bloodstained altar of Trog.
  6275 | D:6      | Noticed Prince Ribbit
  6284 | D:6      | Killed Prince Ribbit
  6285 | D:6      | Reached skill level 11 in Polearms
  7079 | D:6      | Reached skill level 12 in Polearms
  7495 | D:7      | Found a staircase to the Ecumenical Temple.
  7496 | D:7      | Identified the +3 morningstar "Wiep" {speed, rElec rF-
                  | Dex+6 Stlth+}
  7502 | Temple   | Entered the Ecumenical Temple
  7840 | Temple   | Became a worshipper of Qazlal Stormbringer
  7951 | D:7      | Found a sand-covered staircase.
  7962 | Ossuary  | Entered an ossuary
  8074 | Ossuary  | Reached * piety under Qazlal
  8517 | D:7      | Reached skill level 13 in Polearms
  8519 | D:7      | Reached XP level 10. HP: 70/70 MP: 10/10
  9049 | D:8      | Reached ** piety under Qazlal
  9577 | D:8      | Noticed a gargoyle
  9595 | D:8      | Killed from afar by a gargoyle

Illustrated notes

Levels and vault maps discovered:
D:1:      dpeg_arrival_shelter, layout_basic, serial_rivers,
          chequers_serial_rivers_large_b, chequers_serial_rivers_micro_d,
          chequers_serial_rivers_large_a, chequers_serial_rivers_marsh,
          basic_ecumenical_altar, minmay_split_cup_small
D:2:      minmay_alternating_diamond, layout_basic, minmay_misc_feat_encased
D:3:      kennysheep_goblin_castle, layout_loops_cross,
          kennysheep_generic_room_9, uniq_grinder, uniq_crazy_yiuf_cottage,
          uniq_ijyb, uniq_robin, uniq_jessica
D:4:      layout_basic, ebering_ghost_sewer_d, grunt_decor_junction,
          uniq_eustachio
D:5:      layout_cave_pods, mainiacjoe_overflow_catwalk
D:6:      layout_basic, uniq_prince_ribbit1
D:7:      layout_loops_ring, minmay_temple_entry_wispy,
          lightli_ossuary_entry_decrepit_ruins, serial_glass, glass_columns_c,
          glass_columns_a, kennysheep_generic_room_10
D:8:      layout_basic, glass_columns_a
Temple:   mainiacjoe_temple_starburst

Skill      XL: |  1  2  3  4  5  6  7  8  9 |
---------------+----------------------------+-----
Polearms       | 3 4 5 7 9 10 13 | 13.8
Fighting       | |  3.2
Armour         | |  3.2
Shields        | |  3.6

Action                   |  1- 3 |  4- 6 |  7- 9 | 10-12 || total
-------------------------+-------+-------+-------+-------++-------
Melee: Trident           |   130 |   100 |       |       ||   230
       Unarmed           |       |     8 |       |       ||     8
       Quarterstaff      |       |    65 |   334 |    69 ||   468
Evoke: Wand              |       |       |     1 |       ||     1
  Use: Scroll            |     2 |     3 |     3 |     1 ||     9
       Potion            |       |     1 |       |     1 ||     2
 Stab: Invisible         |       |     2 |       |       ||     2
       Paralysed         |       |       |     2 |       ||     2
Armor: Scale mail        |     5 |       |       |       ||     5
       Plate armour      |    51 |    92 |   158 |    28 ||   329
Dodge: Dodged            |    31 |    42 |   177 |    43 ||   293
Block: Buckler           |    27 |    28 |    77 |    26 ||   158
